 Seeded DCSS version 0.30.0-5-g1a98f26d00 (webtiles) character file.

Game seed: 3 (custom seed)

8106 Kazon the Cleaver (level 11, -2/141 HPs)
             Began as a Hill Orc Monk on May 12, 2023.
             Was a High Priest of Okawaru.
             Slain by an orc warrior
             ... wielding a +0 halberd
              (5 damage)
             ... in a bailey.
             The game lasted 00:35:21 (6254 turns).

Kazon the Cleaver (Hill Orc Monk)                   Turns: 6254, Time: 00:35:22

Health: -2/141     AC: 25    Str: 19    XL:     11   Next: 25%
Magic:  17/17      EV:  2    Int: 10    God:    Okawaru [*****.]
Gold:   599        SH: 11    Dex: 13    Spells: 9/10 levels left

rFire   + . .        a - +0 war axe
rCold   . . .        c - +0 kite shield
rNeg    . . .        S - melded +17 plate armour of the Lily {rF+ Str+2}
rPois   +            (helmet currently unavailable)
rElec   .            (cloak currently unavailable)
rCorr   .            E - melded +1 pair of gloves {Str+3}
SInv    .            (boots currently unavailable)
Will    .....        J - amulet of regeneration
Stlth   +++          b - ring of protection from fire
HPRegen 1.23/turn    G - +5 ring of evasion
MPRegen 0.15/turn

%: no passive effects
@: brilliant, tree-form, heroic, studying Maces & Flails
A: stationary, stasis, torment immunity, boosted hp
a: Renounce Religion, Heroism, Finesse, Duel


You were in a bailey.
You worshipped Okawaru.
Okawaru was extremely pleased with you.
You were a tree.
You visited 1 branch of the dungeon, and saw 8 of its levels.
You also visited: Bailey.

You collected 599 gold pieces.

Inventory:

Hand Weapons
 a - a +0 war axe (weapon)
 e - a +2 whip of electrocution
 q - a +2 flail of draining
 x - a +2 broad axe of draining
Missiles
 f - 9 stones
 m - 10 poisoned darts (quivered)
 w - 3 boomerangs of dispersal
 z - 9 javelins
 A - 4 boomerangs
 D - a curare-tipped dart
 R - 2 silver javelins
 T - 2 atropa-tipped darts
Armour
 c - a +0 kite shield (worn)
 d - an orb of light
 t - a +0 crystal plate armour
 u - a +1 leather armour of poison resistance
 E - a +1 pair of gloves of strength (melded)
 Q - +0 acid dragon scales
 S - the +17 plate armour of the Lily (melded) {rF+ Str+2}
   (Okawaru gifted it to you on level 8 of the Dungeon)

   Str:       It affects your strength (+2).
   rF:        It protects you from fire.
Jewellery
 b - a ring of protection from fire (left branch)
 G - a +5 ring of evasion (right branch)
 J - an amulet of regeneration (around neck)
Wands
 i - a wand of flame (82)
 N - a wand of roots (3)
 O - a wand of digging (5)
Scrolls
 l - a scroll of enchant armour {unknown}
 n - 5 scrolls of identify {unknown}
 o - a scroll of blinking {unknown}
 p - 3 scrolls of vulnerability {unknown}
 s - 2 scrolls of fog {unknown}
 y - a scroll of noise {unknown}
 B - 5 scrolls of teleportation {unknown}
 C - a scroll of enchant weapon
 H - a scroll of amnesia {unknown}
 I - a scroll of immolation {unknown}
 L - a scroll of magic mapping {unknown}
 P - 3 scrolls of fear {unknown}
Potions
 g - 4 potions of degeneration {unknown}
 j - 4 potions of brilliance
 r - 5 potions of curing {unknown}
 v - 2 potions of attraction {unknown}
 F - 2 potions of ambrosia
 K - a potion of resistance {unknown}
 M - 3 potions of lignification


   Skills:
 * Level 8.3(13.3) Fighting
 + Level 11.5(18.2) Axes
 * Level 8.8(15.7) Maces & Flails
 + Level 5.7(10.7) Throwing
 + Level 4.7(9.7) Armour
 + Level 3.0(8.0) Dodging
 + Level 0.4(5.4) Stealth
 + Level 4.4(9.4) Shields
 * Level 8.7 Invocations
 * Level 3.3 Evocations


You had 9 spell levels left.
You knew the following spells:

 Your Spells              Type           Power      Damage    Failure   Level
a - Beastly Appendage     Tmut           0%         N/A       58%         1

Your spell library contained the following spells:

 Spells                   Type           Power      Damage    Failure   Level
 Wereblood                Tmut           0%         N/A       75%         2
 Spider Form              Tmut/Pois      0%         N/A       92%         3
 Anguish                  Hex/Necr       0%         N/A       100%        4
 Cause Fear               Hex            0%         N/A       100%        4
 Enfeeble                 Hex            0%         N/A       100%        7


Dungeon Overview and Level Annotations

Branches:
Dungeon (8/15)             Temple (0/1) D:6          Bailey (1/1)
   Lair: D:8-11

Altars:
Dithmenos
Nemelex Xobeh
Okawaru
Qazlal
Uskayaw

Shops:
D:3 [

Annotations:
D:4 1 runed translucent door, Crazy Yiuf


Message History

Okay, then.
Aiming: Duel (24% risk of failure)
Press: ? - help, Dir - move target, f/p - centaur
Aim: a centaur, wielding a +0 spear, wearing a +0 chain mail and quivering javelins You fail to use your ability.
The centaur hits you but does no damage.
The centaur kicks you but does no damage.
You block the centaur's attack.
The centaur kicks you but does no damage.
The centaur completely misses you.
The orc warrior hits you with a +0 halberd!
* * * LOW HITPOINT WARNING * * *
The centaur closely misses you. You block the centaur's attack.
The centaur misses you.
The centaur kicks you but does no damage.
The centaur barely misses you.
The centaur kicks you but does no damage.
The centaur misses you.
It was a potion of magic.
Magic courses through your body. The centaur hits you with a +0 halberd.
* * * LOW HITPOINT WARNING * * *
You block the centaur's attack. x2
The centaur kicks you but does no damage.
The orc warrior hits you but does no damage.
The centaur barely misses you. The centaur closely misses you.
The centaur hits you from afar with a +0 spear.
* * * LOW HITPOINT WARNING * * *
The centaur closely misses you.
The centaur kicks you but does no damage.
It was a potion of lignification.
You turn into a tree.
Your +1 pair of gloves of strength melds into your body.
The +17 plate armour of the Lily {rF+ Str+2} melds into your body.
You feel weaker.
Your roots penetrate the ground.
You block the centaur's attack.
The centaur kicks you but does no damage.
The centaur hits you but does no damage.
The centaur kicks you but does no damage.
The centaur barely misses you.
The orc warrior hits you with a +0 halberd.
You die...

#≈≈.≈.....≈~≈:≈~≈...
#≈≈.≈.....≈~≈:≈~≈...
#≈≈.≈.....≈~≈≈≈~≈....
#≈≈.≈≈....≈≈~≈~≈≈....
#≈≈≈.≈..)..≈~≈~≈.....
#≈≈≈.≈≈)⌠..≈≈~≈≈..⌠.≈
#≈≈≈≈.≈.....≈~≈.....≈
#≈≈≈≈.≈≈≈..co.....≈≈≈
#≈≈≈≈≈..≈≈≈c♣c..≈≈≈..
#≈≈≈≈≈≈≈))≈≈≈.≈≈≈..≈≈
##≈≈≈≈≈≈≈≈))).c..≈≈≈≈
##≈≈≈≈≈≈≈≈≈≈≈≈≈≈≈≈≈≈
##≈≈≈≈≈≈≈≈≈≈≈≈≈≈≈≈≈
##################


You could see an orc warrior and 4 centaurs.

Vanquished Creatures
  A two-headed ogre (D:5)
  Pikel (D:7)
  Maggie (D:7)
  A wyvern (D:8)
  11 yaks
  A steam dragon (D:6)
  Edmund (D:6)
  Duvessa (D:7)
  3 water moccasins
  15 orc warriors
  An ice beast (D:7)
  3 black bears
  4 ogres
  7 centaurs
  A lemure (D:7)
  A phantom (D:5)
  2 kobold brigands
  A gnoll sergeant (D:7)
  2 bullfrogs (D:7)
  A scorpion (D:4)
  Dowan (D:7)
  5 howler monkeys
  5 hounds
  2 jellies
  7 orc priests
  A sleepcap (D:7)
  5 iguanas
  7 orc wizards
  A mummy (D:8)
  10 gnolls
  7 adders
  3 white imps
  2 ufetubi
  A worm (D:2)
  2 dart slugs
  33 orcs
  4 bats
  5 endoplasms
  5 giant cockroaches
  8 hobgoblins
  5 jackals
  7 kobolds
  4 quokkas
  4 ball pythons
  6 frilled lizards
  13 goblins
  A hobgoblin zombie (D:8)
  2 kobold zombies (D:8)
  An orc zombie (D:8)
  4 rats
220 creatures vanquished.

Notes
Turn   | Place    | Note
-------+----------+-------------------------------------------
     0 | D:1      | Kazon the Hill Orc Monk began the quest for the Orb.
     0 | D:1      | Reached XP level 1. HP: 19/19 MP: 1/1
    40 | D:1      | Reached XP level 2. HP: 9/27 MP: 2/2
    46 | D:1      | Found a faded altar of an unknown god.
    74 | D:1      | Prayed at the altar of an unknown god.
    74 | D:1      | Became a worshipper of Warmaster Okawaru
    74 | D:1      | Reached * piety under Okawaru
    74 | D:1      | Reached ** piety under Okawaru
   398 | D:1      | Learned a level 1 spell: Beastly Appendage
   561 | D:2      | Reached XP level 3. HP: 33/33 MP: 3/3
   626 | D:2      | Reached skill level 1 in Invocations
   808 | D:2      | Reached skill level 5 in Axes
  1085 | D:2      | Reached XP level 4. HP: 40/40 MP: 3/5
  1456 | D:3      | Found Ydegiw's Antique Armour Boutique.
  1467 | D:3      | Reached *** piety under Okawaru
  2051 | D:4      | Noticed a scorpion
  2057 | D:4      | Killed a scorpion
  2058 | D:4      | Reached XP level 5. HP: 47/47 MP: 6/6
  2100 | D:4      | Noticed a kobold brigand
  2105 | D:3      | Reached skill level 6 in Axes
  2155 | D:4      | You fall into a shaft and drop 3 floors!
  2171 | D:7      | Found a stormy altar of Qazlal.
  2195 | D:7      | Noticed an orc warrior
  2202 | D:7      | Reached skill level 1 in Throwing
  2202 | D:7      | Reached skill level 1 in Armour
  2209 | D:7      | Killed an orc warrior
  2210 | D:7      | Reached XP level 6. HP: 36/53 MP: 6/8
  2283 | D:7      | Reached skill level 7 in Axes
  2283 | D:7      | Reached XP level 7. HP: 20/60 MP: 6/9
  2352 | D:7      | Reached skill level 5 in Fighting
  2364 | D:7      | Reached skill level 8 in Axes
  2502 | D:7      | Noticed Pikel
  2518 | D:7      | Killed Pikel
  2518 | D:7      | Reached **** piety under Okawaru
  2519 | D:7      | Reached skill level 9 in Axes
  2519 | D:7      | Reached skill level 5 in Invocations
  2519 | D:7      | Reached XP level 8. HP: 36/69 MP: 9/11
  2632 | D:6      | Received a gift from Okawaru
  2657 | D:5      | Entered Level 5 of the Dungeon
  2756 | D:5      | Reached skill level 10 in Axes
  2757 | D:5      | Received a gift from Okawaru
  2935 | D:4      | Reached skill level 1 in Maces & Flails
  3007 | D:4      | Reached XP level 9. HP: 57/75 MP: 13/13
  3192 | D:4      | Found a runed translucent door.
  3193 | D:4      | Noticed Crazy Yiuf
  3227 | D:4      | Found a sparkling altar of Nemelex Xobeh.
  4026 | D:5      | Reached ***** piety under Okawaru
  4033 | D:5      | Noticed a two-headed ogre
  4041 | D:5      | Killed a two-headed ogre
  4137 | D:6      | Reached skill level 5 in Maces & Flails
  4137 | D:6      | Reached skill level 5 in Throwing
  4296 | D:6      | Noticed Edmund
  4313 | D:6      | Killed Edmund
  4365 | D:6      | Reached XP level 10. HP: 83/84 MP: 15/15
  4389 | D:6      | Reached skill level 1 in Shields
  4394 | D:6      | Reached skill level 1 in Evocations
  4437 | D:6      | Found a staircase to the Ecumenical Temple.
  4512 | D:6      | Noticed a +0 hand axe
  4513 | D:6      | Found a hide-covered altar of Uskayaw.
  4513 | D:6      | Noticed a +0 hand axe
  5077 | D:7      | Noticed Dowan
  5078 | D:7      | Noticed Duvessa
  5091 | D:7      | Killed Dowan
  5110 | D:7      | Killed Duvessa
  5113 | D:7      | Received a gift from Okawaru
  5204 | D:7      | Noticed Maggie
  5231 | D:7      | Killed Maggie
  5471 | D:8      | Received a gift from Okawaru
  5604 | D:8      | Identified the +17 plate armour of the Lily {rF+ Str+2}
                  | (Okawaru gifted it to you on level 8 of the Dungeon)
  5604 | D:8      | Received a gift from Okawaru
  5619 | D:8      | Reached ****** piety under Okawaru
  5677 | D:8      | Found a shadowy altar of Dithmenos.
  5684 | D:8      | Reached skill level 11 in Axes
  5701 | D:8      | Found a flagged portal.
  5714 | Bailey   | Entered a bailey
  5753 | Bailey   | Reached XP level 11. HP: 94/94 MP: 17/17
  6253 | Bailey   | HP: 4/94 [centaur/+0 halberd (6)]
  6253 | Bailey   | HP: 1/94 [centaur/+0 spear (3)]
  6254 | Bailey   | Slain by an orc warrior

Illustrated notes

Levels and vault maps discovered:
D:1:      beargit_arrival_greenhouse, layout_loops_ring,
          nicolae_ecumenical_lake_church, grunt_decor_mini_mirrors
D:2:      layout_basic
D:3:      layout_basic, serial_shops, shop
D:4:      layout_rooms, nemelex_xobeh_ov_fountains_minmay,
          uniq_crazy_yiuf_cottage
D:5:      layout_basic, minmay_manual_mandibuliform
D:6:      layout_cave_pods, dancing_weapons_uskayaw,
          minmay_temple_entry_statues_pillars, grunt_ministairs_7, uniq_edmund
D:7:      minmay_spotlight, layout_basic, mainiacjoe_overflow_24_doors,
          minmay_misc_feat_more_columns, st_stairs_12, uniq_duvessa,
          uniq_maggie, uniq_pikel
D:8:      layout_layer_cave, grunt_dithmenos_smoke_and_mirrors, enter_bailey_5,
          minmay_mini_ossuary
Bailey:   bailey_polearm_flooded_kennysheep, bailey

Skill      XL: |  1  2  3  4  5  6  7  8  9 10 11 |
---------------+----------------------------------+-----
Fighting       | 4 5 6 8 |  8.3
Invocations    | 1 2 3 5 6 7 8 |  8.7
Axes           | 5 6 7 9 10 11 | 11.5
Throwing       | 1 3 5 |  5.7
Armour         | 1 2 3 4 |  4.7
Maces & Flails | 1 6 7 8 |  8.8
Dodging        | 3 |  3.0
Shields        | 3 4 |  4.4
Evocations     | 2 3 |  3.3
Stealth        | |  0.4

Action                     |  1- 3 |  4- 6 |  7- 9 | 10-12 || total
---------------------------+-------+-------+-------+-------++-------
  Melee: Hand axe          |    30 |       |       |       ||    30
         War axe           |    77 |    78 |    44 |   311 ||   510
         Whip              |       |       |    48 |       ||    48
         Flail             |       |       |    93 |    45 ||   138
  Throw: Stone             |     1 |    12 |    29 |     4 ||    46
         Dart              |       |       |    41 |    51 ||    92
 Invoke: Heroism           |       |     2 |     2 |     4 ||     8
         Finesse           |       |       |       |     1 ||     1
    Use: Potion            |       |       |       |     6 ||     6
 Armour: Robe              |    16 |     7 |       |       ||    23
         Plate armour      |       |    51 |   114 |   274 ||   439
         Skin              |       |       |       |     3 ||     3
  Dodge: Dodged            |    60 |    30 |    72 |   291 ||   453
  Block: Kite shield       |       |       |       |   242 ||   242
